 Dungeon Crawl Stone Soup version 0.31-a0-1074-g0b22e4e0f1 (webtiles) character file.

Game seed: 626155032595291546

15526 grandjackal the Fighter (level 12, -5/112 HPs)
             Began as a Red Draconian Artificer on Nov 29, 2023.
             Was a Believer of Ashenzari.
             Killed from afar by Jorgrun (54 damage)
             ... with an iron shot
             ... on level 12 of the Dungeon.
             The game lasted 00:19:59 (12196 turns).

grandjackal the Fighter (Red Draconian Artificer)  Turns: 12196, Time: 00:20:00

Health: -5/112     AC: 11    Str: 21    XL:     12   Next: 2%
Magic:  12/12      EV: 10    Int: 16    God:    Ashenzari [**....]
Gold:   281        SH: 11    Dex: 12    Spells: 6/11 levels left

rFire   . . .        m - +7 spear of Ouranomancy {flame, rPois rF- Will- Str+6 SInv, Comp, Dev} (curse)
rCold   + + .        D - +0 kite shield of the Shackled Sky {Melee, Bglg} (curse)
rNeg    + . .        (body armour unavailable)
rPois   +            (helmet restricted)
rElec   .            E - +0 cloak
rCorr   +            I - +0 pair of gloves of Star-Bound Wisdom {Melee, Dev} (curse)
SInv    +            K - +0 pair of boots of Patterns {rC+ rN+}
Will    .....        S - amulet of regeneration
Stlth   ++           z - ring of resist corrosion
HPRegen 1.18/turn    u - ring of protection from cold
MPRegen 0.13/turn

%: no passive effects
@: mighty, grasped by roots, constricted
A: breathe fire, AC +8, unfitting armour, fire resistance 1, cold-blooded
a: Breathe Fire, Renounce Religion, Curse Item, Shatter the Chains


You were on level 12 of the Dungeon.
You worshipped Ashenzari.
Ashenzari was pleased with you.
You visited 2 branches of the dungeon, and saw 13 of its levels.

You collected 581 gold pieces.
You spent 300 gold pieces at shops.

Inventory:

Hand Weapons
 e - a +0 short sword
 m - the cursed +7 spear of Ouranomancy (weapon) {flame, rPois rF- Will- Str+6 SInv, Comp, Dev}
   (You found it on level 2 of the Dungeon)

   Str+6:     It affects your strength (+6).
   rF-:       It makes you vulnerable to fire.
   rPois:     It protects you from poison Will-: It decreases your willpower.
   SInv:      It lets you see invisible.
   It has a curse which improves the following skills: Companions: Summonings
   and Necromancy.
   Devices:   Evocations and Shapeshifting.
 y - a +2 heavy spear
Missiles
 w - 40 poisoned darts
 H - 4 throwing nets
Armour
 D - the cursed +0 kite shield of the Shackled Sky (worn) {Melee, Bglg}
   (You found it on level 5 of the Dungeon)

   It has a curse which improves the following skills: Melee Combat: Short
   Blades, Long Blades, Axes, Maces & Flails, Polearms, Staves and Unarmed
   Combat.
   Beguiling: Conjurations, Hexes and Translocations.
 E - a +0 cloak (worn)
 I - the cursed +0 pair of gloves of Star-Bound Wisdom (worn) {Melee, Dev}
   (You found it on level 7 of the Dungeon)

   It has a curse which improves the following skills: Melee Combat: Short
   Blades, Long Blades, Axes, Maces & Flails, Polearms, Staves and Unarmed
   Combat.
   Devices:   Evocations and Shapeshifting.
 K - the +0 pair of boots of Patterns (worn) {rC+ rN+}
   (You found it on level 7 of the Dungeon)

   rC+:       It protects you from cold.
   rN+:       It protects you from negative energy.
 U - a +0 kite shield of fire resistance
Magical Staves
 t - a staff of cold
Jewellery
 s - a ring of see invisible
 u - a ring of protection from cold (right hand)
 z - a ring of resist corrosion (left hand)
 F - a +6 ring of intelligence
 S - an amulet of regeneration (around neck)
 T - a ring of magical power
Talismans
 k - a blade talisman
Wands
 b - a wand of flame (4) (quivered)
 c - a wand of charming (14)
 d - a wand of iceblast (4)
 J - a wand of paralysis (11)
 L - a wand of roots (7)
 M - a wand of digging (3)
 Q - a wand of acid (3)
 R - a wand of polymorph (6)
Scrolls
 a - 6 scrolls of identify
 f - a scroll of noise
 g - 3 scrolls of revelation
 h - 2 scrolls of torment
 l - a scroll of immolation
 n - 7 scrolls of fog
 o - 2 scrolls of fear
 p - 3 scrolls of teleportation
 r - 3 scrolls of amnesia
 B - a scroll of poison
 C - 2 scrolls of vulnerability
 G - 2 scrolls of enchant weapon
 N - a scroll of brand weapon
Potions
 i - 3 potions of ambrosia
 j - 4 potions of curing
 q - a potion of magic
 v - 3 potions of mutation
 x - 3 potions of might
 A - a potion of enlightenment
 O - 3 potions of brilliance
 P - a potion of heal wounds


   Skills:
 + Level 11.8 Fighting
 - Level 8.2(10.0) Staves
 - Level 5.5 Dodging
 - Level 1.0 Stealth
 + Level 9.6 Shields
 + Level 3.4(4.5) Conjurations
 - Level 9.0(10.7) Evocations


You had 6 spell levels left.
You knew the following spells:

 Your Spells              Type           Power      Damage    Failure   Level
a - Fireball              Conj/Fire      3%         3d4       99%         5

Your spell library contained the following spells:

 Spells                   Type           Power      Damage    Failure   Level
 Shock                    Conj/Air       28%        1d4       19%         1
 Summon Small Mammal      Summ           0%         N/A       41%         1
 Sandblast                Erth           0%         2d4       43%         1
 Stone Arrow              Conj/Erth      14%        3d7       50%         3
 Passwall                 Tmut/Erth      0%         N/A       56%         2
 Call Canine Familiar     Summ           0%         N/A       80%         3
 Summon Guardian Golem    Hex/Summ       0%         N/A       80%         3
 Swiftness                Air            0%         N/A       80%         3
 Brom's Barrelling Bould  Conj/Erth      7%         2d3       88%         4
 Airstrike                Air            0%         2d(0-16)  99%         4
 Cause Fear               Hex            0%         N/A       99%         4
 Vhi's Electric Charge    Tloc/Air       0%         N/A       99%         4
 Arcjolt                  Conj/Air       3%         1d13      99%         5
 Maxwell's Capacitive Co  Air            0%         ∞         100%        8
 Dragon's Call            Summ           0%         N/A       100%        9


Dungeon Overview and Level Annotations

Branches:
Dungeon (12/15)            Temple (1/1) D:4            Lair (0/5) D:11
    Orc (0/2) D:11

Altars:
Ashenzari
Cheibriados
Dithmenos
Elyvilon
Fedhas
Gozag
Hepliaklqana
Kikubaaqudgha
Makhleb
Nemelex Xobeh
Okawaru
Qazlal
Ru
Sif Muna
Trog
Uskayaw
Vehumet
Wu Jian
Xom
Yredelemnul
Zin
The Shining One

Shops:
D:6 :   D:11 =

Portals:
Ice
Cave: D:12

Annotations:
D:12 Jorgrun


Innate Abilities, Weirdness & Mutations

You can breathe blasts of fire.
Your fiery red scales are hard. (AC +8)
You cannot fit into any form of body armour.
Your flesh is heat resistant. (rF+)
You are cold-blooded and may be slowed by cold attacks.


Message History

The rime drake is engulfed in poison gas.
The rime drake is poisoned.
You barely miss Jorgrun.
Your tail-slap misses Jorgrun.
Jorgrun is heavily wounded.
The rime drake is engulfed in poison gas.
The rime drake looks even sicker.
You block Jorgrun's attack. The grasping roots constrict you.
The rime drake is engulfed in poison gas.
The rime drake looks even sicker.
The rime drake is engulfed in poison gas.
The rime drake looks even sicker.
You puncture Jorgrun! You burn Jorgrun.
Jorgrun is heavily wounded.
The rime drake is engulfed in poison gas.
The rime drake looks even sicker.
Jorgrun closely misses you. The grasping roots constrict you!
The rime drake is engulfed in poison gas.
The rime drake looks as sick as possible!
You puncture Jorgrun! You burn Jorgrun.
Your tail-slap misses Jorgrun.
Jorgrun is severely wounded.
The rime drake is engulfed in poison gas.
The rime drake looks as sick as possible!
You completely miss Jorgrun. You tail-slap Jorgrun!
Jorgrun is severely wounded.
You have got your breath back.
The rime drake looks as sick as possible!
Jorgrun hits you with a +0 heavy quarterstaff.
The grasping roots constrict you.
The rime drake is engulfed in poison gas.
The rime drake looks as sick as possible!
You puncture Jorgrun!
Jorgrun is severely wounded.
You hear the steady crackling of a melting archway.
You feel a bit more experienced.
The rime drake is engulfed in poison gas.
The rime drake looks as sick as possible!
You kill the rime drake!
Jorgrun points at you and mumbles some strange words.
The iron shot hits you!!!
You die...

########...# .....
.......§§# #.....
########§###§.....(.
#§§#§§≈≈≈..☼.
#.§§§#####§☼.
#.#§○#∩.§§○§.
#.#§§#k§§§☼§#
#.#§§#§○§§#
#.#§@g☼§§#
#§§§..☼§#§#
###○☼§§§☼# §#######
§# ☼# §# ##


You could see Jorgrun.

Vanquished Creatures
  2 centaur warriors (D:12)
  2 two-headed ogres
  A tengu warrior (D:12)
  Nergalle (D:12)
  A cyclops (D:11)
  An ugly thing (D:10)
  A komodo dragon (D:10)
  2 kobold demonologists
  2 rime drakes (D:12)
  2 trolls
  A wraith (D:11)
  2 wyverns
  A water elemental (D:12)
  18 yaks
  Grum (D:9)
  A steam dragon (D:6)
  Menkaure (D:6)
  An acid dragon (D:9)
  8 vampire mosquitoes
  9 orc warriors
  3 black bears
  2 ice beasts
  2 wolves (D:9)
  2 ogres
  3 centaurs
  A phantom (D:5)
  5 kobold brigands
  4 gnoll sergeants
  6 bullfrogs
  2 scorpions
  9 wights
  5 killer bees
  6 howler monkeys
  3 gnoll boudas
  2 jellies
  Crazy Yiuf (D:5)
  6 orc priests
  3 sleepcaps
  3 hounds
  3 iguanas
  14 orc wizards
  30 gnolls
  9 adders
  A shadow imp (D:7)
  3 white imps
  4 worms
  A dart slug (D:1)
  38 orcs
  4 endoplasms
  A giant cockroach (D:2)
  5 goblins
  6 hobgoblins
  21 kobolds
  4 quokkas
  6 ball pythons
  6 bats
  A frilled lizard (D:1)
  2 rats
285 creatures vanquished.

Vanquished Creatures (others)
  A wight (D:9)
  An orc wizard (D:9)
2 creatures vanquished.

Grand Total: 287 creatures vanquished

Notes
Turn   | Place    | Note
-------+----------+-------------------------------------------
     0 | D:1      | grandjackal the Draconian Artificer began the quest for the
                  | Orb.
     0 | D:1      | Reached XP level 1. HP: 16/16 MP: 1/1
   152 | D:1      | Reached skill level 1 in Stealth
   298 | D:1      | Reached XP level 2. HP: 23/23 MP: 2/2
   693 | D:2      | Reached skill level 2 in Fighting
   774 | D:2      | Reached XP level 3. HP: 29/29 MP: 3/3
   940 | D:2      | Identified the +7 spear of Vete {flame, rPois rF- Will-
                  | Str+6 SInv}
  1308 | D:3      | Reached XP level 4. HP: 37/37 MP: 4/4
  1562 | D:3      | Found a sparkling altar of Nemelex Xobeh.
  1562 | D:3      | Found a transporter.
  1633 | D:3      | Reached skill level 3 in Fighting
  1837 | D:3      | Reached XP level 5. HP: 45/45 MP: 5/5
  1845 | D:3      | Found a bloodstained altar of Trog.
  1933 | D:3      | Found a blossoming altar of Fedhas.
  2037 | D:4      | Noticed a black bear
  2043 | D:4      | Killed a black bear
  2044 | D:4      | Reached skill level 4 in Fighting
  2044 | D:4      | Reached XP level 6. HP: 52/52 MP: 6/6
  2354 | D:4      | Found a staircase to the Ecumenical Temple.
  2431 | D:4      | Reached skill level 5 in Evocations
  3024 | D:5      | Entered Level 5 of the Dungeon
  3218 | D:5      | Found an iron altar of Okawaru.
  3532 | D:5      | Your scales start taking on a fiery red colour.
  3532 | D:5      | Reached XP level 7. HP: 43/60 MP: 7/7
  3532 | D:5      | Gained mutation: Your flesh is heat resistant. (rF+) [Red
                  | Draconian growth]
  3537 | D:5      | Reached skill level 5 in Fighting
  3622 | Temple   | Entered the Ecumenical Temple
  3659 | Temple   | Became a worshipper of Ashenzari the Shackled
  3857 | D:5      | Reached skill level 1 in Shields
  4176 | D:5      | Found a runed translucent door.
  4177 | D:5      | Noticed Crazy Yiuf
  4181 | D:5      | Killed Crazy Yiuf
  4258 | D:6      | Noticed Menkaure
  4267 | D:6      | Killed Menkaure
  4268 | D:6      | Reached skill level 5 in Dodging
  4268 | D:6      | Reached XP level 8. HP: 24/70 MP: 8/8
  4420 | D:5      | Reached skill level 6 in Fighting
  5159 | D:6      | Reached skill level 1 in Staves
  5287 | D:6      | Found Arelell's Vocational Training.
  6360 | D:7      | Reached skill level 7 in Fighting
  6360 | D:7      | Reached XP level 9. HP: 76/79 MP: 9/9
  6532 | D:7      | Reached * piety under Ashenzari
  6734 | D:7      | Found a sacrificial altar of Ru.
  6753 | D:7      | Found a shadowy altar of Dithmenos.
  7072 | D:7      | Reached skill level 5 in Shields
  7108 | D:7      | Identified the +0 pair of boots of Patterns {rC+ rN+}
  7379 | D:8      | Reached skill level 8 in Fighting
  8068 | D:9      | Noticed a troll
  8076 | D:9      | Killed a troll
  8077 | D:9      | Reached XP level 10. HP: 76/90 MP: 10/10
  8089 | D:9      | Reached skill level 5 in Staves
  8368 | D:10     | Entered Level 10 of the Dungeon
  8407 | D:9      | HP: 4/106 [wight/+4 dagger (4)]
  8427 | D:9      | Identified the cursed +0 pair of gloves of Star-Bound
                  | Wisdom {Melee, Dev} (You found it on level 7 of the
                  | Dungeon)
  8742 | D:9      | Reached skill level 9 in Fighting
  8925 | D:9      | Noticed Grum
  8932 | D:9      | Killed Grum
  9544 | D:10     | Noticed a green ugly thing
  9927 | D:10     | Killed a green ugly thing
  9949 | D:10     | Found a hide-covered altar of Uskayaw.
  9950 | D:10     | Found a glowing silver altar of Zin.
 10323 | D:10     | Noticed a two-headed ogre
 10331 | D:10     | Killed a two-headed ogre
 10332 | D:10     | Reached skill level 10 in Fighting
 10332 | D:10     | Reached XP level 11. HP: 87/99 MP: 11/11
 11043 | D:11     | Found a staircase to the Lair.
 11074 | D:11     | Noticed a two-headed ogre
 11081 | D:11     | Killed a two-headed ogre
 11137 | D:11     | Reached ** piety under Ashenzari
 11236 | D:11     | Reached skill level 11 in Fighting
 11537 | D:11     | Found Netamos's Jewellery Boutique.
 11539 | D:11     | Bought an amulet of regeneration for 300 gold pieces
 11672 | D:11     | Found a staircase to the Orcish Mines.
 11906 | D:12     | Reached skill level 1 in Conjurations
 11967 | D:12     | Noticed a tengu warrior
 11984 | D:12     | Killed a tengu warrior
 12044 | D:12     | Noticed Nergalle
 12056 | D:12     | Killed Nergalle
 12059 | D:12     | Noticed a centaur warrior
 12073 | D:12     | Killed a centaur warrior
 12103 | D:12     | Noticed a centaur warrior
 12117 | D:12     | Killed a centaur warrior
 12118 | D:12     | Reached XP level 12. HP: 85/111 MP: 12/12
 12124 | D:12     | Learned a level 5 spell: Fireball
 12172 | D:12     | Found a frozen archway.
 12172 | D:12     | Noticed Jorgrun
 12196 | D:12     | Killed from afar by Jorgrun

Illustrated notes

Levels and vault maps discovered:
D:1:      elethiomel_arrival_quiet, layout_rooms
D:2:      layout_basic, st_stairs_13
D:3:      layout_loops_ring, fedhas_altar_4, mainiacjoe_overflow_alcove_4,
          grunt_nemelex_the_gamble, nicolae_half_adder
D:4:      layout_cave_pods, minmay_temple_entry_trees
D:5:      minmay_recursive_quarters, layout_loops_ring, okawaru_gym_becter,
          uniq_crazy_yiuf_cottage
D:6:      layout_layer_cave, nicolae_shop_vocational, uniq_menkaure
D:7:      layout_rooms, lemuel_doored_altar, kennysheep_mini_moat
D:8:      layout_rooms
D:9:      layout_layer_cave, uniq_grum
D:10:     layout_cave_pools, chequers_temple_overflow_statue_of_worship
D:11:     layout_small_grid, lair_entry_dummy, david_orc_4, serial_shops,
          nicolae_shop_gaudy_bauble
D:12:     minmay_bad_star, layout_basic, portal_ice_cave_rime, uniq_jorgrun,
          uniq_nergalle
Temple:   dpeg_chambers_temple

Skill      XL: |  1  2  3  4  5  6  7  8  9 10 11 |
---------------+----------------------------------+-----
Stealth        | 1 |  1.0
Fighting       | 2 3 4 5 7 8 10 11 | 11.8
Dodging        | 3 4 5 |  5.5
Evocations     | 4 5 7 8 9 |  9.0
Shields        | 1 4 5 7 9 |  9.6
Staves         | 2 4 6 8 |  8.2
Conjurations   | 3 |  3.4

Action                     |  1- 3 |  4- 6 |  7- 9 | 10-12 || total
---------------------------+-------+-------+-------+-------++-------
  Melee: Club              |    21 |       |       |       ||    21
         Short sword       |    82 |       |       |       ||    82
         Tailslap          |     8 |     7 |    38 |    65 ||   118
         Punch             |     2 |     1 |     1 |     5 ||     9
         Spear             |    24 |    89 |   320 |   497 ||   930
 Invoke: Curse Item        |       |       |     2 |     1 ||     3
Ability: Breathe Fire      |       |       |    16 |    14 ||    30
  Evoke: Wand              |       |     5 |     1 |     8 ||    14
    Use: Potion            |       |       |       |     7 ||     7
         Scroll            |       |       |       |     2 ||     2
   Stab: Sleeping          |     3 |     1 |     2 |     2 ||     8
         Distracted        |       |     1 |       |       ||     1
 Armour: Skin              |    65 |    40 |   224 |   407 ||   736
  Dodge: Dodged            |    75 |    22 |   225 |   253 ||   575
  Block: Kite shield       |       |       |       |    98 ||    98

Table legend: (Time is in decaauts)
 A = Elapsed time spent in this place.
 B = Non-inter-level travel time spent in this place.
 C = Inter-level travel time spent in this place.
 D = Time resting spent in this place.
 E = Time spent auto-exploring this place.
 F = Levels seen in this place.
 G = Mean time per level.
                   A        B        C        D        E       F      G
               +--------+--------+--------+--------+--------+-----+--------+
         Total |  12206 |  11624 |    582 |   3073 |   6143 |  13 |  938.9 |
       Dungeon |  12141 |  11560 |    581 |   3073 |   6143 |  12 | 1011.8 |
        Temple |     64 |     64 |      0 |      0 |      0 |   1 |   64.0 |
               +--------+--------+--------+--------+--------+-----+--------+

Top non-repeatable levels by time:
     D:6: 1874 daAuts
     D:9: 1784 daAuts
     D:5: 1336 daAuts
    D:11: 1279 daAuts
     D:4: 1132 daAuts
     D:7: 1091 daAuts
     D:3: 871 daAuts
    D:10: 703 daAuts
     D:1: 691 daAuts
     D:8: 620 daAuts
     D:2: 403 daAuts
    D:12: 353 daAuts
  Temple: 64 daAuts
